AoeStats
← WinterHaise.x

Arabia

508016855Analyzed
1v1 RM · 13d ago on Sep 20, 2026· 42m 51s· 2 players
Game mode
Random Map
Map size
Tiny (2 player)
Population
200
Speed
Normal
Resources
Standard
Victory
Conquest
Starting age
Dark Age
Ending age
Imperial Age
RankedLock teamsTeams togetherTeam positionsShared explorationLock speedFull tech treeHidden civsTurbo modeCheats
Victory
Defeat
🇩🇴 Byzantines · Dominican Republic
969
+15
🇩🇪 Franks · Germany
952
-15
Steinmaeder
6:42 Loom
9:33 Feudal Age
10:39 Double-Bit Axe
14:35 Scale Barding Armor
17:20 Forging
18:58 Gold Mining
20:47 Fletching
23:52 Castle Age
23:57 Light Cavalry
24:29 Pikeman
25:10 Squires
25:47 Iron Casting
26:51 Bow Saw
28:01 Bodkin Arrow
28:28 Chain Barding Armor
28:16 Husbandry
29:47 Gold Shaft Mining
30:19 Town Watch
34:14 Elite Skirmisher
37:59 Scale Mail Armor
WinterHaise.x
10:38 Feudal Age
8:53 Loom
19:11 Castle Age
19:17 Castle Age
18:29 Double-Bit Axe
18:26 Horse Collar
22:13 Wheelbarrow
24:06 Bow Saw
25:27 Hand Cart
25:55 Forging
25:50 Scale Barding Armor
27:37 Scale Barding Armor
26:58 Man-at-Arms
27:24 Gambesons
27:54 Long Swordsman
28:44 Husbandry
29:02 Long Swordsman
31:43 Gold Mining
34:43 Iron Casting
34:28 Chain Barding Armor
34:09 Scale Mail Armor
35:13 Gold Shaft Mining
34:28 Stone Mining
38:51 Imperial Age
39:55 Heavy Camel Rider
41:17 Logistica
Connection lost

Rejoining the realm…

Still unreachable

The connection could not be restored.

Session expired

The server has moved on; the page needs a fresh start.